NASHVILLE vs ST.LOUIS

Created - March-24-21 at 17:42

Goals
1 2 3 T
NASHVILLE 2 1 0 3
ST.LOUIS 2 0 0 2
Shots
1 2 3 T
NASHVILLE 7 7 8 22
ST.LOUIS 9 10 6 25

1st period

1. ST.LOUIS , Brett Connolly 6 (Jaden Schwartz 12, Darnell Nurse 18) at 2:11
2. NASHVILLE , Morgan Rielly 6 (Jeremy Lauzon 4) at 2:36
3. ST.LOUIS , Neal Pionk 4 (Adam Fox 12, Ryan Johansen 15) at 13:28
4. NASHVILLE , Nicolas Hague 3 (J.T. Compher 15, Jason Dickinson 7) at 15:57

Penalties :
Brian Dumoulin (NSH) for Holding (Minor) at 6:08, Paul Byron (NSH) for Roughing (Minor) at 16:12

2nd period

5. NASHVILLE , Bobby Ryan 8 (Alex Chiasson 7) at 19:33

Penalties :
Tage Thompson (NSH) for Kneeing (Minor) at 3:38, Brenden Dillon (STL) for Slashing (Minor) at 9:39, Jared McCann (NSH) for Hooking (Minor) at 11:14, James Neal (STL) for Hooking (Minor) at 15:18

3rd period

No Goal

Penalties :
James Neal (STL) for Interference (Minor) at 5:48, Bobby Ryan (NSH) for Slashing (Minor) at 7:52, Brett Connolly (STL) for Interference (Minor) at 18:31

Goalie Stats

Joonas Korpisalo (NSH), 23 saves from 25 shots - (0.920), W, 12-13-2, 60:00 minutes
Semyon Varlamov (STL), 19 saves from 22 shots - (0.864), L, 10-14-4, 60:00 minutes

Players Stats for NASHVILLE

Player Name              G  A  P  +/- PIM S  H  SB GA TA FO     MP     PP MP  PK MP  
------------------------------------------------------------------------------------
Adam Larsson             0  0  0   0  0   0  3  0  0  0  0/0    21:22   4:19   4:23 
Alex Chiasson            0  1  1   0  0   1  1  0  0  0  0/0     9:29   0:09   0:00 
Andrew Peeke             0  0  0   0  0   0  1  0  0  0  0/0    13:26   0:09   0:00 
Bobby Ryan               1  0  1   0  2   3  1  0  0  0  0/0     9:52   0:09   0:00 
Brian Dumoulin           0  0  0   1  2   1  0  1  0  0  0/0    20:11   2:42   3:39 
Connor Carrick           0  0  0   0  0   0  1  0  0  0  0/0    14:02   0:00   0:45 
Devin Shore              0  0  0   0  0   0  0  0  0  0  6/10   10:12   0:00   1:19 
J.T. Compher             0  1  1   1  0   2  0  0  0  0  12/24  18:24   3:48   2:56 
Jared McCann             0  0  0   0  2   2  3  1  0  0  0/1    20:15   3:03   4:01 
Jason Dickinson          0  1  1   1  0   1  1  0  0  0  1/1    16:31   3:48   1:03 
Jeremy Lauzon            0  1  1   0  0   0  1  0  0  0  0/0     4:47   0:00   1:07 
Jimmy Vesey              0  0  0   1  0   3  1  0  0  0  0/0    15:28   3:48   0:00 
Josh Leivo               0  0  0   0  0   0  1  0  0  0  0/1     8:53   0:00   0:00 
Morgan Rielly            1  0  1   0  0   2  1  1  0  0  0/0    25:27   4:19   4:48 
Nicolas Hague            1  0  1   1  0   1  3  1  0  0  0/0    20:44   2:33   4:20 
Nolan Patrick            0  0  0   0  0   0  1  0  0  0  5/11   11:44   0:00   2:24 
Paul Byron               0  0  0   0  2   0  3  0  0  0  0/4    18:30   3:04   2:16 
Sean Monahan             0  0  0   0  0   6  1  1  0  0  13/22  21:42   3:04   5:03 
Tage Thompson            0  0  0   0  2   0  0  0  0  0  1/1     9:01   0:09   0:00 

Players Stats for ST.LOUIS

Player Name              G  A  P  +/- PIM S  H  SB GA TA FO     MP     PP MP  PK MP  
------------------------------------------------------------------------------------
Adam Fox                 0  1  1   0  0   0  0  0  0  0  0/0    15:22   0:00   0:54 
Andy Greene              0  0  0  -1  0   0  0  1  0  0  0/0    22:37   4:32   4:27 
Blake Lizotte            0  0  0   0  0   0  0  0  0  0  0/0     0:59   0:38   0:21 
Brayden McNabb           0  0  0   0  0   1  1  1  0  0  0/0    21:57   4:21   2:14 
Brenden Dillon           0  0  0   0  2   1  0  1  0  0  0/0    21:11   4:21   1:40 
Brett Connolly           1  0  1   1  2   3  0  0  0  0  1/4    17:42   4:47   0:00 
Brett Howden             0  0  0  -1  0   1  3  0  0  0  5/14   10:48   0:00   0:00 
Carl Soderberg           0  0  0   1  0   3  2  0  0  0  6/16   19:46   4:47   2:03 
Darnell Nurse            0  1  1  -1  0   0  0  0  0  0  0/0    23:15   5:10   4:27 
Eric Fehr                0  0  0  -1  0   2  2  0  0  0  5/8     6:52   0:00   0:00 
Jaden Schwartz           0  1  1   1  0   2  0  0  0  0  2/4    19:46   4:47   2:03 
James Neal               0  0  0  -1  4   0  1  1  0  0  0/0    11:21   0:00   0:35 
Jeff Carter              0  0  0   0  0   3  0  0  0  0  2/3    18:25   4:44   1:13 
Johnny Gaudreau          0  0  0   0  0   5  0  0  0  0  3/6    21:00   4:06   4:02 
Joonas Donskoi           0  0  0  -1  0   2  1  0  0  0  0/0    11:26   0:38   0:00 
Neal Pionk               1  0  1   0  0   1  1  0  0  0  0/0    15:37   0:38   0:20 
Ryan Johansen            0  1  1   0  0   1  0  0  0  0  12/19  20:43   4:06   3:45 
Sam Gagner               0  0  0  -1  0   0  0  0  0  0  0/0     6:52   0:00   0:00 
Tim Schaller             0  0  0  -1  0   0  1  0  0  0  1/1     6:52   0:00   0:00 

3 Stars

1 - Nicolas Hague (NSH)
2 - Morgan Rielly (NSH)
3 - Neal Pionk (STL)

Power Play

NASHVILLE - 0 on 4 Attempt(s) - 0.00%
ST.LOUIS - 0 on 5 Attempt(s) - 0.00%

Penalty Kill

NASHVILLE - 5 on 5 Attempt(s) - 100.00% - Score 0 goal in Penalty Kill
ST.LOUIS - 4 on 4 Attempt(s) - 100.00% - Score 0 goal in Penalty Kill

Team Stat

NASHVILLE - Hits : 23 - Faceoff Wins : 38 - Blocked Shots : 5 - Penalty Minutes : 10
ST.LOUIS - Hits : 12 - Faceoff Wins : 37 - Blocked Shots : 4 - Penalty Minutes : 8

Official

Referees : Conor O'Donnell and Joe Brodsky
Linesman : Dennis Urban and Jesse Marquis

Game Notes

No Game Note

Finance

Level 1 -- Attendance: 5966 (99.43%) -- Ticket Income $453,416
Level 2 -- Attendance: 4495 (89.90%) -- Ticket Income $247,225
Level 3 -- Attendance: 2000 (100.00%) -- Ticket Income $70,000
Level 4 -- Attendance: 3768 (94.20%) -- Ticket Income $75,360
Luxury Box -- Attendance: 1000 (100.00%) -- Ticket Income $150,000
Game was played at the Scottrade Center.
Total Attendance: 17229 (95.72%)
Total Ticket Income: $996,001
Total Income: $996,001

NASHVILLE

5 vs 5 Forward 
   Center                   Left Wing                Right Wing               Time % Phy DF OF 
 1 Sean Monahan             Paul Byron               Jared McCann             35     1   2  2  
 2 J.T. Compher             Jason Dickinson          Jimmy Vesey              30     1   2  2  
 3 Nolan Patrick            Alex Chiasson            Bobby Ryan               25     1   2  2  
 4 Devin Shore              Josh Leivo               Tage Thompson            10     1   2  2  

5 vs 5 Defense 
   Defense                  Defense                                           Time % Phy DF OF 
 1 Morgan Rielly            Adam Larsson                                      35     1   2  2  
 2 Brian Dumoulin           Nicolas Hague                                     30     1   2  2  
 3 Andrew Peeke             Connor Carrick                                    25     1   2  2  
 4 Jeremy Lauzon            Morgan Rielly                                     10     1   2  2  

PowerPlay Forward 
   Center                   Left Wing                Right Wing               Time % Phy DF OF 
 1 Sean Monahan             Paul Byron               Jared McCann             60     1   2  2  
 2 J.T. Compher             Jason Dickinson          Jimmy Vesey              40     1   2  2  

PowerPlay Defense
   Defense                  Defense                                           Time % Phy DF OF 
 1 Morgan Rielly            Adam Larsson                                      60     1   2  2  
 2 Brian Dumoulin           Nicolas Hague                                     40     1   2  2  

Penalty Kill 4 Players Forward 
   Center                   Wing                     Time % Phy DF OF 
 1 Sean Monahan             Jared McCann             60     1   2  2  
 2 Paul Byron               J.T. Compher             40     1   2  2  

Penalty Kill 4 Players Defense
   Defense                  Defense                  Time % Phy DF OF 
 1 Morgan Rielly            Adam Larsson             60     1   2  2  
 2 Brian Dumoulin           Nicolas Hague            40     1   2  2  

Penalty Kill - 3 Players Forward 
   Forward                                           Time % Phy DF OF 
 1 Sean Monahan                                      60     1   2  2  
 2 Jared McCann                                      40     1   2  2  

Penalty Kill - 3 Players Defense
   Defense                  Defense                  Time % Phy DF OF 
 1 Morgan Rielly            Adam Larsson             60     1   2  2  
 2 Brian Dumoulin           Nicolas Hague            40     1   2  2  

4 vs 4 Forward 
   Center                   Wing                     Time % Phy DF OF 
 1 Sean Monahan             Jared McCann             60     1   2  2  
 2 Paul Byron               J.T. Compher             40     1   2  2  

4 vs 4 Defense
   Defense                  Defense                  Time % Phy DF OF 
 1 Morgan Rielly            Adam Larsson             60     1   2  2  
 2 Brian Dumoulin           Nicolas Hague            40     1   2  2  

Last Minutes Offensive
   Center                   Left Wing                Right Wing               Defense                  Defense                  
   Sean Monahan             Paul Byron               Jared McCann             Morgan Rielly            Adam Larsson             

Last Minutes Defensive
   Center                   Left Wing                Right Wing               Defense                  Defense                  
   Sean Monahan             Paul Byron               Jared McCann             Morgan Rielly            Adam Larsson             

Goaltenders
Starting : Joonas Korpisalo         
Backup : Devan Dubnyk             

Extra Forwards
Normal : Bobby Ryan, Alex Chiasson, Nolan Patrick - PP : Bobby Ryan, Alex Chiasson - PK : Nolan Patrick
Extra Defensemen
Normal : Andrew Peeke, Connor Carrick, Jeremy Lauzon - PP : Andrew Peeke - PK : Connor Carrick, Jeremy Lauzon
Penalty Shots
Sean Monahan, Jared McCann, Paul Byron, J.T. Compher, Jason Dickinson

Scratches
Alexander Barabanov (Healthy), Alex Petrovic (Healthy), Henrik Lundqvist (Healthy), NSH Cap Hit (Suspend)

ST.LOUIS

5 vs 5 Forward 
   Center                   Left Wing                Right Wing               Time % Phy DF OF 
 1 Ryan Johansen            Johnny Gaudreau          Jeff Carter              35     1   2  2  
 2 Carl Soderberg           Jaden Schwartz           Brett Connolly           30     1   2  2  
 3 Brett Howden             Joonas Donskoi           James Neal               25     1   2  2  
 4 Eric Fehr                Tim Schaller             Sam Gagner               10     1   2  2  

5 vs 5 Defense 
   Defense                  Defense                                           Time % Phy DF OF 
 1 Darnell Nurse            Andy Greene                                       35     1   2  2  
 2 Brayden McNabb           Brenden Dillon                                    30     1   2  2  
 3 Neal Pionk               Adam Fox                                          25     1   2  2  
 4 Darnell Nurse            Andy Greene                                       10     1   2  2  

PowerPlay Forward 
   Center                   Left Wing                Right Wing               Time % Phy DF OF 
 1 Ryan Johansen            Johnny Gaudreau          Jeff Carter              60     1   2  2  
 2 Carl Soderberg           Jaden Schwartz           Brett Connolly           40     1   2  2  

PowerPlay Defense
   Defense                  Defense                                           Time % Phy DF OF 
 1 Darnell Nurse            Andy Greene                                       60     1   2  2  
 2 Brayden McNabb           Brenden Dillon                                    40     1   2  2  

Penalty Kill 4 Players Forward 
   Center                   Wing                     Time % Phy DF OF 
 1 Johnny Gaudreau          Ryan Johansen            60     1   2  2  
 2 Jaden Schwartz           Carl Soderberg           40     1   2  2  

Penalty Kill 4 Players Defense
   Defense                  Defense                  Time % Phy DF OF 
 1 Darnell Nurse            Andy Greene              60     1   2  2  
 2 Brayden McNabb           Brenden Dillon           40     1   2  2  

Penalty Kill - 3 Players Forward 
   Forward                                           Time % Phy DF OF 
 1 Johnny Gaudreau                                   60     1   2  2  
 2 Ryan Johansen                                     40     1   2  2  

Penalty Kill - 3 Players Defense
   Defense                  Defense                  Time % Phy DF OF 
 1 Darnell Nurse            Andy Greene              60     1   2  2  
 2 Brayden McNabb           Brenden Dillon           40     1   2  2  

4 vs 4 Forward 
   Center                   Wing                     Time % Phy DF OF 
 1 Johnny Gaudreau          Ryan Johansen            60     1   2  2  
 2 Jaden Schwartz           Carl Soderberg           40     1   2  2  

4 vs 4 Defense
   Defense                  Defense                  Time % Phy DF OF 
 1 Darnell Nurse            Andy Greene              60     1   2  2  
 2 Brayden McNabb           Brenden Dillon           40     1   2  2  

Last Minutes Offensive
   Center                   Left Wing                Right Wing               Defense                  Defense                  
   Ryan Johansen            Johnny Gaudreau          Jeff Carter              Darnell Nurse            Andy Greene              

Last Minutes Defensive
   Center                   Left Wing                Right Wing               Defense                  Defense                  
   Ryan Johansen            Johnny Gaudreau          Jeff Carter              Darnell Nurse            Andy Greene              

Goaltenders
Starting : Semyon Varlamov          
Backup : Elvis Merzlikins         

Extra Forwards
Normal : Blake Lizotte, Joonas Donskoi, James Neal - PP : Blake Lizotte, Joonas Donskoi - PK : James Neal
Extra Defensemen
Normal : Neal Pionk, Adam Fox, Brayden McNabb - PP : Neal Pionk - PK : Adam Fox, Brayden McNabb
Penalty Shots
Johnny Gaudreau, Ryan Johansen, Jaden Schwartz, Carl Soderberg, Jeff Carter

Scratches
STL Cap Hit (Suspend), Nick Ritchie (Healthy)

% Time on Ice - NASHVILLE

Lines # - Real PCT - Wanted PCT - Time Play
Normal Forward
1 - 31% - 35% - 13:11
2 - 27% - 30% - 11:40
3 - 22% - 25% - 9:20
4 - 21% - 10% - 8:53
Normal Defense
1 - 29% - 35% - 12:29
2 - 32% - 30% - 13:38
3 - 31% - 25% - 13:17
4 - 9% - 10% - 3:40
PP Forward
1 - 46% - 60% - 3:13
2 - 54% - 40% - 3:48
PP Defense
1 - 62% - 60% - 4:19
2 - 38% - 40% - 2:42
PK Forward
1 - 69% - 60% - 6:35
2 - 31% - 40% - 2:56
PK Defense
1 - 51% - 60% - 4:50
2 - 49% - 40% - 4:41
PK3 Forward
1 - 0% - 60%
2 - 0% - 40%
PK3 Defense
1 - 0% - 60%
2 - 0% - 40%
44 Forward
1 - 100% - 60% - 0:24
2 - 0% - 40% - 0:00
44 Defense
1 - 46% - 60% - 0:11
2 - 54% - 40% - 0:13
Last Minute Offensive  - 0:00
Last Minute Defensive  - 0:00
Total
Forward - 60:00
Defense - 60:00

% Time on Ice - ST.LOUIS

Lines # - Real PCT - Wanted PCT - Time Play
Normal Forward
1 - 29% - 35% - 12:28
2 - 30% - 30% - 12:56
3 - 25% - 25% - 10:48
4 - 16% - 10% - 6:52
Normal Defense
1 - 30% - 35% - 12:53
2 - 35% - 30% - 15:11
3 - 34% - 25% - 14:28
4 - 1% - 10% - 0:32
PP Forward
1 - 50% - 60% - 4:44
2 - 50% - 40% - 4:47
PP Defense
1 - 54% - 60% - 5:10
2 - 46% - 40% - 4:21
PK Forward
1 - 71% - 60% - 4:58
2 - 29% - 40% - 2:03
PK Defense
1 - 68% - 60% - 4:47
2 - 32% - 40% - 2:14
PK3 Forward
1 - 0% - 60%
2 - 0% - 40%
PK3 Defense
1 - 0% - 60%
2 - 0% - 40%
44 Forward
1 - 100% - 60% - 0:24
2 - 0% - 40% - 0:00
44 Defense
1 - 54% - 60% - 0:13
2 - 46% - 40% - 0:11
Last Minute Offensive  - 0:00
Last Minute Defensive  - 0:00
Total
Forward - 60:00
Defense - 60:00

Play-by-Play

1st period


0:01 of 1st period - Sean Monahan wins face-off versus Ryan Johansen in neutral zone.
0:27 of 1st period - Jeff Carter is hit by Morgan Rielly and loses puck.
1:09 of 1st period - Icing by Brian Dumoulin.
1:10 of 1st period - Brett Howden wins face-off versus J.T. Compher in NASHVILLE zone.
1:31 of 1st period - Brian Dumoulin is hit by Brett Howden.
1:32 of 1st period - Icing by Brian Dumoulin.
1:33 of 1st period - Eric Fehr wins face-off versus J.T. Compher in NASHVILLE zone.
1:39 of 1st period - Icing by Nicolas Hague.
1:40 of 1st period - Carl Soderberg wins face-off versus J.T. Compher in NASHVILLE zone.
1:42 of 1st period - Jaden Schwartz is hit by Nicolas Hague and loses puck.
2:11 of 1st period - Shot by Brett Connolly.
2:11 of 1st period - Goal by Brett Connolly - NASHVILLE : 0 - ST.LOUIS : 1.
2:12 of 1st period - Brett Howden wins face-off versus Devin Shore in neutral zone.
2:34 of 1st period - Shot by Morgan Rielly.
2:34 of 1st period - Shot Misses the Net.
2:36 of 1st period - Shot by Morgan Rielly.
2:36 of 1st period - Goal by Morgan Rielly - NASHVILLE : 1 - ST.LOUIS : 1.
2:37 of 1st period - Ryan Johansen wins face-off versus Nolan Patrick in neutral zone.
2:40 of 1st period - Shot by Jeff Carter.
2:40 of 1st period - Stopped by Joonas Korpisalo without a rebound.
2:41 of 1st period - Eric Fehr wins face-off versus Nolan Patrick in NASHVILLE zone.
3:16 of 1st period - Shot by Sam Gagner.
3:16 of 1st period - Shot Misses the Net.
3:18 of 1st period - Shot by Eric Fehr.
3:18 of 1st period - Stopped by Joonas Korpisalo without a rebound.
3:19 of 1st period - Ryan Johansen wins face-off versus Sean Monahan in NASHVILLE zone.
3:40 of 1st period - Shot by Jared McCann.
3:40 of 1st period - Stopped by Semyon Varlamov without a rebound.
3:41 of 1st period - J.T. Compher wins face-off versus Carl Soderberg in ST.LOUIS zone.
3:44 of 1st period - Shot by Jimmy Vesey.
3:44 of 1st period - Shot Misses the Net.
3:51 of 1st period - Off-side.
3:52 of 1st period - Tage Thompson wins face-off versus Brett Howden in neutral zone.
5:03 of 1st period - Shot by Sean Monahan.
5:03 of 1st period - Shot Misses the Net.
5:24 of 1st period - Icing by Andrew Peeke.
5:25 of 1st period - Carl Soderberg wins face-off versus Paul Byron in NASHVILLE zone.
5:53 of 1st period - Shot by Jaden Schwartz.
5:53 of 1st period - Stopped by Joonas Korpisalo without a rebound.
5:54 of 1st period - Eric Fehr wins face-off versus J.T. Compher in NASHVILLE zone.
6:08 of 1st period - Minor Penalty to Brian Dumoulin for Holding.
6:09 of 1st period - Sean Monahan wins face-off versus Ryan Johansen in NASHVILLE zone.
7:08 of 1st period - Jaden Schwartz is hit by Nicolas Hague and loses puck.
7:17 of 1st period - Shot by Brett Connolly.
7:17 of 1st period - Shot Misses the Net.
7:19 of 1st period - Shot by Brayden McNabb.
7:19 of 1st period - Shot Blocked by Sean Monahan.
7:21 of 1st period - Shot by Brenden Dillon.
7:21 of 1st period - Stopped by Joonas Korpisalo with a rebound.
7:23 of 1st period - Shot by Brenden Dillon.
7:23 of 1st period - Shot Misses the Net.
7:58 of 1st period - Icing by Darnell Nurse.
7:59 of 1st period - Ryan Johansen wins face-off versus Paul Byron in ST.LOUIS zone.
9:19 of 1st period - Shot by Devin Shore.
9:19 of 1st period - Shot Misses the Net.
10:10 of 1st period - Shot by Jimmy Vesey.
10:10 of 1st period - Shot Misses the Net.
10:24 of 1st period - Shot by Jimmy Vesey.
10:24 of 1st period - Shot Misses the Net.
10:49 of 1st period - Shot by Sean Monahan.
10:49 of 1st period - Shot Hit the Post.
11:12 of 1st period - Johnny Gaudreau is hit by Connor Carrick and loses puck.
11:34 of 1st period - Icing by Connor Carrick.
11:35 of 1st period - Eric Fehr wins face-off versus Sean Monahan in NASHVILLE zone.
11:54 of 1st period - Off-side.
11:55 of 1st period - J.T. Compher wins face-off versus Brett Howden in neutral zone.
12:54 of 1st period - Shot by Eric Fehr.
12:54 of 1st period - Shot Misses the Net.
13:14 of 1st period - Shot by Alex Chiasson.
13:14 of 1st period - Stopped by Semyon Varlamov without a rebound.
13:15 of 1st period - Jeff Carter wins face-off versus Devin Shore in ST.LOUIS zone.
13:15 of 1st period - Johnny Gaudreau is hit by Josh Leivo.
13:18 of 1st period - Neal Pionk is hit by Jeremy Lauzon.
13:20 of 1st period - Shot by Ryan Johansen.
13:20 of 1st period - Shot Misses the Net.
13:26 of 1st period - Shot by Adam Fox.
13:26 of 1st period - Shot Misses the Net.
13:28 of 1st period - Shot by Neal Pionk.
13:28 of 1st period - Goal by Neal Pionk - NASHVILLE : 1 - ST.LOUIS : 2.
13:29 of 1st period - J.T. Compher wins face-off versus Jaden Schwartz in neutral zone.
13:51 of 1st period - Shot by Carl Soderberg.
13:51 of 1st period - Stopped by Joonas Korpisalo with a rebound.
13:53 of 1st period - Shot by Carl Soderberg.
13:53 of 1st period - Stopped by Joonas Korpisalo without a rebound.
13:54 of 1st period - Sean Monahan wins face-off versus Ryan Johansen in NASHVILLE zone.
14:09 of 1st period - Andy Greene is hit by Jared McCann and loses puck.
14:34 of 1st period - Shot by Johnny Gaudreau.
14:34 of 1st period - Shot Misses the Net.
14:46 of 1st period - Brenden Dillon is hit by Paul Byron and loses puck.
15:05 of 1st period - Shot by Jaden Schwartz.
15:05 of 1st period - Shot Misses the Net.
15:30 of 1st period - Off-side.
15:31 of 1st period - Brett Howden wins face-off versus J.T. Compher in neutral zone.
15:41 of 1st period - Icing by Nicolas Hague.
15:42 of 1st period - Jason Dickinson wins face-off versus Eric Fehr in NASHVILLE zone.
15:55 of 1st period - Shot by J.T. Compher.
15:55 of 1st period - Stopped by Semyon Varlamov with a rebound.
15:57 of 1st period - Shot by Nicolas Hague.
15:57 of 1st period - Goal by Nicolas Hague - NASHVILLE : 2 - ST.LOUIS : 2.
15:58 of 1st period - Devin Shore wins face-off versus Johnny Gaudreau in neutral zone.
16:10 of 1st period - Icing by Adam Fox.
16:11 of 1st period - Ryan Johansen wins face-off versus Sean Monahan in ST.LOUIS zone.
16:11 of 1st period - Ryan Johansen is hit by Jared McCann.
16:12 of 1st period - Minor Penalty to Paul Byron for Roughing.
16:13 of 1st period - Sean Monahan wins face-off versus Jeff Carter in NASHVILLE zone.
16:26 of 1st period - Shot by Jeff Carter.
16:26 of 1st period - Shot Misses the Net.
16:34 of 1st period - Shot by Johnny Gaudreau.
16:34 of 1st period - Stopped by Joonas Korpisalo without a rebound.
16:35 of 1st period - Sean Monahan wins face-off versus Carl Soderberg in NASHVILLE zone.
18:45 of 1st period - Off-side.
18:46 of 1st period - Nolan Patrick wins face-off versus Carl Soderberg in neutral zone.
18:51 of 1st period - Shot by Bobby Ryan.
18:51 of 1st period - Stopped by Semyon Varlamov with a rebound.
19:09 of 1st period - Shot by Jaden Schwartz.
19:09 of 1st period - Shot Misses the Net.
19:11 of 1st period - Shot by Brayden McNabb.
19:11 of 1st period - Shot Misses the Net.
19:38 of 1st period - Morgan Rielly is hit by Tim Schaller.
19:39 of 1st period - Icing by Morgan Rielly.
19:40 of 1st period - Nolan Patrick wins face-off versus Ryan Johansen in NASHVILLE zone.
19:58 of 1st period - Shot by Sean Monahan.
19:58 of 1st period - Stopped by Semyon Varlamov without a rebound.
19:59 of 1st period - J.T. Compher wins face-off versus Brett Howden in ST.LOUIS zone.
Goals for this period are 2 for NASHVILLE vs 2 for ST.LOUIS.
Shots for this period are 7 for NASHVILLE vs 9 for ST.LOUIS.

2nd period


0:01 of 2nd period - Ryan Johansen wins face-off versus Sean Monahan in neutral zone.
0:11 of 2nd period - Shot by Johnny Gaudreau.
0:11 of 2nd period - Shot Misses the Net.
0:13 of 2nd period - Shot by Darnell Nurse.
0:13 of 2nd period - Shot Misses the Net.
0:15 of 2nd period - Shot by Jeff Carter.
0:15 of 2nd period - Stopped by Joonas Korpisalo without a rebound.
0:16 of 2nd period - J.T. Compher wins face-off versus Brett Connolly in NASHVILLE zone.
0:16 of 2nd period - J.T. Compher is hit by Carl Soderberg.
0:52 of 2nd period - Shot by J.T. Compher.
0:52 of 2nd period - Shot Misses the Net.
0:54 of 2nd period - Shot by Jimmy Vesey.
0:54 of 2nd period - Stopped by Semyon Varlamov without a rebound.
0:55 of 2nd period - Ryan Johansen wins face-off versus Sean Monahan in ST.LOUIS zone.
0:55 of 2nd period - Ryan Johansen is hit by Paul Byron.
1:15 of 2nd period - Darnell Nurse is hit by Sean Monahan and loses puck.
2:36 of 2nd period - Shot by Brett Connolly.
2:36 of 2nd period - Shot Misses the Net.
2:38 of 2nd period - Shot by Carl Soderberg.
2:38 of 2nd period - Stopped by Joonas Korpisalo without a rebound.
2:39 of 2nd period - Eric Fehr wins face-off versus J.T. Compher in NASHVILLE zone.
2:48 of 2nd period - Shot by Jimmy Vesey.
2:48 of 2nd period - Stopped by Semyon Varlamov with a rebound.
2:50 of 2nd period - Shot by Nicolas Hague.
2:50 of 2nd period - Shot Misses the Net.
3:12 of 2nd period - Shot by Sam Gagner.
3:12 of 2nd period - Shot Misses the Net.
3:38 of 2nd period - Minor Penalty to Tage Thompson for Kneeing.
3:39 of 2nd period - Carl Soderberg wins face-off versus Sean Monahan in NASHVILLE zone.
4:06 of 2nd period - Shot by Darnell Nurse.
4:06 of 2nd period - Shot Misses the Net.
4:08 of 2nd period - Shot by Darnell Nurse.
4:08 of 2nd period - Shot Blocked by Jared McCann.
4:18 of 2nd period - Shot by Brett Connolly.
4:18 of 2nd period - Shot Misses the Net.
4:40 of 2nd period - Shot by Jeff Carter.
4:40 of 2nd period - Stopped by Joonas Korpisalo without a rebound.
4:41 of 2nd period - Sean Monahan wins face-off versus Ryan Johansen in NASHVILLE zone.
5:06 of 2nd period - Shot by Andy Greene.
5:06 of 2nd period - Shot Misses the Net.
5:38 of 2nd period - Icing by Brayden McNabb.
5:39 of 2nd period - Devin Shore wins face-off versus Brett Howden in ST.LOUIS zone.
6:04 of 2nd period - Icing by Andrew Peeke.
6:05 of 2nd period - Devin Shore wins face-off versus Eric Fehr in NASHVILLE zone.
6:34 of 2nd period - Connor Carrick is hit by Eric Fehr and loses puck.
6:54 of 2nd period - Brenden Dillon is hit by Adam Larsson and loses puck.
7:06 of 2nd period - Jeff Carter is hit by Adam Larsson and loses puck.
7:23 of 2nd period - Shot by Johnny Gaudreau.
7:23 of 2nd period - Stopped by Joonas Korpisalo without a rebound.
7:24 of 2nd period - Sean Monahan wins face-off versus Carl Soderberg in NASHVILLE zone.
7:24 of 2nd period - Sean Monahan is hit by Carl Soderberg.
8:22 of 2nd period - Shot by Ryan Johansen.
8:22 of 2nd period - Stopped by Joonas Korpisalo without a rebound.
8:23 of 2nd period - J.T. Compher wins face-off versus Brett Howden in NASHVILLE zone.
8:49 of 2nd period - Shot by Jimmy Vesey.
8:49 of 2nd period - Stopped by Semyon Varlamov without a rebound.
8:50 of 2nd period - Ryan Johansen wins face-off versus Nolan Patrick in ST.LOUIS zone.
8:50 of 2nd period - Johnny Gaudreau is hit by Alex Chiasson and loses puck.
8:57 of 2nd period - Shot by Bobby Ryan.
8:57 of 2nd period - Shot Misses the Net.
8:59 of 2nd period - Shot by Bobby Ryan.
8:59 of 2nd period - Stopped by Semyon Varlamov without a rebound.
9:00 of 2nd period - Jeff Carter wins face-off versus Josh Leivo in ST.LOUIS zone.
9:39 of 2nd period - Minor Penalty to Brenden Dillon for Slashing.
9:40 of 2nd period - Sean Monahan wins face-off versus Ryan Johansen in ST.LOUIS zone.
9:57 of 2nd period - Shot by Sean Monahan.
9:57 of 2nd period - Stopped by Semyon Varlamov without a rebound.
9:58 of 2nd period - Jaden Schwartz wins face-off versus J.T. Compher in ST.LOUIS zone.
10:04 of 2nd period - Icing by J.T. Compher.
10:05 of 2nd period - Johnny Gaudreau wins face-off versus J.T. Compher in NASHVILLE zone.
11:14 of 2nd period - Minor Penalty to Jared McCann for Hooking.
11:15 of 2nd period - Johnny Gaudreau wins face-off versus Sean Monahan in NASHVILLE zone.
11:25 of 2nd period - Off-side.
11:26 of 2nd period - Sean Monahan wins face-off versus Johnny Gaudreau in neutral zone.
12:27 of 2nd period - Icing by Andy Greene.
12:28 of 2nd period - Ryan Johansen wins face-off versus Paul Byron in ST.LOUIS zone.
13:18 of 2nd period - Shot by Brett Connolly.
13:18 of 2nd period - Stopped by Joonas Korpisalo without a rebound.
13:19 of 2nd period - Nolan Patrick wins face-off versus Brett Howden in NASHVILLE zone.
13:21 of 2nd period - Connor Carrick is hit by James Neal and loses puck.
13:42 of 2nd period - Shot by Brett Howden.
13:42 of 2nd period - Stopped by Joonas Korpisalo without a rebound.
13:43 of 2nd period - J.T. Compher wins face-off versus Carl Soderberg in NASHVILLE zone.
14:01 of 2nd period - Icing by Andy Greene.
14:02 of 2nd period - Sean Monahan wins face-off versus Carl Soderberg in ST.LOUIS zone.
14:05 of 2nd period - Shot by Jared McCann.
14:05 of 2nd period - Deflect By Sean Monahan.
14:05 of 2nd period - Shot Misses the Net.
14:48 of 2nd period - Jeff Carter is hit by Nicolas Hague.
15:10 of 2nd period - Shot by Johnny Gaudreau.
15:10 of 2nd period - Shot Blocked by Nicolas Hague.
15:12 of 2nd period - Shot by Johnny Gaudreau.
15:12 of 2nd period - Shot Misses the Net.
15:14 of 2nd period - Shot by Brayden McNabb.
15:14 of 2nd period - Stopped by Joonas Korpisalo without a rebound.
15:15 of 2nd period - J.T. Compher wins face-off versus Brett Howden in NASHVILLE zone.
15:15 of 2nd period - J.T. Compher is hit by Brett Howden.
15:18 of 2nd period - Minor Penalty to James Neal for Hooking.
15:19 of 2nd period - Johnny Gaudreau wins face-off versus J.T. Compher in ST.LOUIS zone.
16:14 of 2nd period - Icing by Brian Dumoulin.
16:15 of 2nd period - Jaden Schwartz wins face-off versus Sean Monahan in NASHVILLE zone.
17:19 of 2nd period - Icing by Andrew Peeke.
17:20 of 2nd period - Devin Shore wins face-off versus Brett Howden in NASHVILLE zone.
17:20 of 2nd period - Devin Shore is hit by Joonas Donskoi.
17:55 of 2nd period - Shot by Joonas Donskoi.
17:55 of 2nd period - Stopped by Joonas Korpisalo with a rebound.
17:57 of 2nd period - Shot by James Neal.
17:57 of 2nd period - Deflect By Joonas Donskoi.
17:57 of 2nd period - Stopped by Joonas Korpisalo without a rebound.
17:58 of 2nd period - Nolan Patrick wins face-off versus Carl Soderberg in NASHVILLE zone.
18:10 of 2nd period - Icing by Carl Soderberg.
18:11 of 2nd period - Carl Soderberg wins face-off versus Jared McCann in ST.LOUIS zone.
18:13 of 2nd period - Icing by Brenden Dillon.
18:14 of 2nd period - Sean Monahan wins face-off versus Carl Soderberg in ST.LOUIS zone.
18:25 of 2nd period - Brayden McNabb is hit by Jared McCann and loses puck.
19:23 of 2nd period - Shot by J.T. Compher.
19:23 of 2nd period - Stopped by Semyon Varlamov without a rebound.
19:24 of 2nd period - Ryan Johansen wins face-off versus Nolan Patrick in ST.LOUIS zone.
19:33 of 2nd period - Shot by Bobby Ryan.
19:33 of 2nd period - Goal by Bobby Ryan - NASHVILLE : 3 - ST.LOUIS : 2.
19:34 of 2nd period - Brett Howden wins face-off versus Devin Shore in neutral zone.
19:45 of 2nd period - Shot by Joonas Donskoi.
19:45 of 2nd period - Deflect By Brett Howden.
19:45 of 2nd period - Shot Misses the Net.
19:59 of 2nd period - Shot by Devin Shore.
19:59 of 2nd period - Shot Blocked by James Neal.
Goals for this period are 1 for NASHVILLE vs 0 for ST.LOUIS.
Shots for this period are 7 for NASHVILLE vs 10 for ST.LOUIS.

3rd period


0:01 of 3rd period - Ryan Johansen wins face-off versus Paul Byron in neutral zone.
0:04 of 3rd period - Shot by Johnny Gaudreau.
0:04 of 3rd period - Stopped by Joonas Korpisalo with a rebound.
0:33 of 3rd period - Shot by Paul Byron.
0:33 of 3rd period - Shot Misses the Net.
0:35 of 3rd period - Shot by Morgan Rielly.
0:35 of 3rd period - Deflect By Sean Monahan.
0:35 of 3rd period - Stopped by Semyon Varlamov without a rebound.
0:36 of 3rd period - Carl Soderberg wins face-off versus J.T. Compher in ST.LOUIS zone.
0:55 of 3rd period - Shot by Jaden Schwartz.
0:55 of 3rd period - Stopped by Joonas Korpisalo with a rebound.
1:00 of 3rd period - J.T. Compher is hit by Neal Pionk and loses puck.
1:37 of 3rd period - Nolan Patrick is hit by Brett Howden and loses puck.
2:25 of 3rd period - Shot by Johnny Gaudreau.
2:25 of 3rd period - Stopped by Joonas Korpisalo without a rebound.
2:26 of 3rd period - Devin Shore wins face-off versus Eric Fehr in NASHVILLE zone.
2:26 of 3rd period - Devin Shore is hit by Eric Fehr.
3:36 of 3rd period - Shot by Sean Monahan.
3:36 of 3rd period - Stopped by Semyon Varlamov without a rebound.
3:37 of 3rd period - J.T. Compher wins face-off versus Carl Soderberg in ST.LOUIS zone.
4:00 of 3rd period - Shot by Jimmy Vesey.
4:00 of 3rd period - Shot Misses the Net.
4:16 of 3rd period - Shot by Jason Dickinson.
4:16 of 3rd period - Shot Misses the Net.
4:48 of 3rd period - Shot by Bobby Ryan.
4:48 of 3rd period - Shot Hit the Post.
4:52 of 3rd period - Shot by Nolan Patrick.
4:52 of 3rd period - Shot Blocked by Brenden Dillon.
5:25 of 3rd period - Off-side.
5:26 of 3rd period - Brett Howden wins face-off versus Devin Shore in neutral zone.
5:48 of 3rd period - Minor Penalty to James Neal for Interference.
5:49 of 3rd period - Sean Monahan wins face-off versus Johnny Gaudreau in ST.LOUIS zone.
7:23 of 3rd period - Shot by Adam Larsson.
7:23 of 3rd period - Deflect By Jared McCann.
7:23 of 3rd period - Shot Misses the Net.
7:25 of 3rd period - Shot by Morgan Rielly.
7:25 of 3rd period - Stopped by Semyon Varlamov with a rebound.
7:29 of 3rd period - Shot by Sean Monahan.
7:29 of 3rd period - Shot Misses the Net.
7:33 of 3rd period - Shot by Jared McCann.
7:33 of 3rd period - Deflect By Sean Monahan.
7:33 of 3rd period - Stopped by Semyon Varlamov with a rebound.
7:35 of 3rd period - Shot by Morgan Rielly.
7:35 of 3rd period - Shot Blocked by Andy Greene.
7:52 of 3rd period - Minor Penalty to Bobby Ryan for Slashing.
7:53 of 3rd period - Nolan Patrick wins face-off versus Brett Connolly in NASHVILLE zone.
8:05 of 3rd period - Icing by Brayden McNabb.
8:06 of 3rd period - Sean Monahan wins face-off versus Carl Soderberg in ST.LOUIS zone.
8:39 of 3rd period - Shot by Jaden Schwartz.
8:39 of 3rd period - Deflect By Carl Soderberg.
8:39 of 3rd period - Shot Blocked by Morgan Rielly.
9:43 of 3rd period - Shot by Brayden McNabb.
9:43 of 3rd period - Shot Blocked by Brian Dumoulin.
10:09 of 3rd period - Eric Fehr is hit by Bobby Ryan and loses puck.
11:54 of 3rd period - Nicolas Hague is hit by Brayden McNabb and loses puck.
11:57 of 3rd period - Shot by Brian Dumoulin.
11:57 of 3rd period - Stopped by Semyon Varlamov without a rebound.
11:58 of 3rd period - Brett Connolly wins face-off versus Sean Monahan in ST.LOUIS zone.
11:58 of 3rd period - Brett Connolly is hit by Paul Byron.
12:45 of 3rd period - Brett Howden is hit by Andrew Peeke.
13:24 of 3rd period - Icing by Johnny Gaudreau.
13:25 of 3rd period - J.T. Compher wins face-off versus Ryan Johansen in ST.LOUIS zone.
13:26 of 3rd period - Shot by Jason Dickinson.
13:26 of 3rd period - Stopped by Semyon Varlamov without a rebound.
13:27 of 3rd period - Ryan Johansen wins face-off versus J.T. Compher in ST.LOUIS zone.
13:27 of 3rd period - Ryan Johansen is hit by Jason Dickinson.
13:30 of 3rd period - Icing by Brayden McNabb.
13:31 of 3rd period - Ryan Johansen wins face-off versus J.T. Compher in ST.LOUIS zone.
13:37 of 3rd period - Ryan Johansen is hit by Adam Larsson and loses puck.
13:58 of 3rd period - Shot by Johnny Gaudreau.
13:58 of 3rd period - Stopped by Joonas Korpisalo without a rebound.
13:59 of 3rd period - Carl Soderberg wins face-off versus Nolan Patrick in NASHVILLE zone.
14:19 of 3rd period - Shot by Brett Connolly.
14:19 of 3rd period - Stopped by Joonas Korpisalo with a rebound.
14:21 of 3rd period - Shot by Carl Soderberg.
14:21 of 3rd period - Shot Misses the Net.
14:34 of 3rd period - Icing by Brett Connolly.
14:35 of 3rd period - J.T. Compher wins face-off versus Brett Connolly in ST.LOUIS zone.
14:42 of 3rd period - Shot by J.T. Compher.
14:42 of 3rd period - Deflect By Jimmy Vesey.
14:42 of 3rd period - Shot Misses the Net.
15:44 of 3rd period - Andy Greene is hit by Jimmy Vesey and loses puck.
16:03 of 3rd period - Shot by Jared McCann.
16:03 of 3rd period - Shot Blocked by Brayden McNabb.
16:18 of 3rd period - Shot by Sean Monahan.
16:18 of 3rd period - Stopped by Semyon Varlamov without a rebound.
16:19 of 3rd period - Tim Schaller wins face-off versus Nolan Patrick in ST.LOUIS zone.
16:19 of 3rd period - Tim Schaller is hit by Nolan Patrick.
16:41 of 3rd period - Shot by Eric Fehr.
16:41 of 3rd period - Stopped by Joonas Korpisalo without a rebound.
16:42 of 3rd period - Devin Shore wins face-off versus Brett Howden in NASHVILLE zone.
18:08 of 3rd period - Shot by Jared McCann.
18:08 of 3rd period - Stopped by Semyon Varlamov with a rebound.
18:31 of 3rd period - Minor Penalty to Brett Connolly for Interference.
18:32 of 3rd period - J.T. Compher wins face-off versus Jaden Schwartz in ST.LOUIS zone.
19:57 of 3rd period - Shot by Brian Dumoulin.
19:57 of 3rd period - Shot Misses the Net.
Goals for this period are 0 for NASHVILLE vs 0 for ST.LOUIS.
Shots for this period are 8 for NASHVILLE vs 6 for ST.LOUIS.